 Adventure DCSS version bcrawl-1.27.3 (webtiles) character file.

Game seed: 6835049063023258415

122000 galech the Skirmisher (level 3, 17/29 HPs)
             Began as a Demonspawn Fighter on Aug 6, 2020.
             Quit the game on level 1 of the Dungeon.
             The game lasted 00:00:40 (761 turns).

galech the Skirmisher (Demonspawn Fighter)           Turns: 761, Time: 00:00:41

Health: 17/29      AC:  4    Str: 16    XL:     3   Next: 0%
Magic:  3/3        EV:  5    Int:  9    God:
Gold:   112        SH:  9    Dex: 13    Spells: 2/2 levels left
                                        Lives:  2   Deaths: 0

rFire    . . .     SeeInvis .   a - +0 war axe
rCold    . . .     Gourm    .   c - +0 medium shield
rNeg     . . .     Faith    .   g - -1 ring mail (curse)
rPois    .         Spirit   .   (helmet restricted)
rElec    .         Reflect  .   (no cloak)
rCorr    .         Harm     .   (no gloves)
MR       .....                  (no boots)
Stlth    +.........             (no amulet)
HPRegen  0.09/turn              (no ring)
MPRegen  0.08/turn              (no ring)

@: no status effects
A: antennae 1, claws 1
a: no special abilities


You were on level 1 of the Dungeon.
You were hungry.

You visited 1 branch of the dungeon, and saw 1 of its levels.

You collected 112 gold pieces.

Inventory:

Hand Weapons
 a - a +0 war axe (weapon)
Armour
 b - a +0 scale mail
 c - a +0 medium shield (worn)
 g - a cursed -1 ring mail (worn)
Scrolls
 h - a scroll of blinking {unknown}
 j - a scroll of teleportation
 k - a scroll of immolation
 l - 2 scrolls of remove curse {unknown}
 m - a scroll of identify
Potions
 d - a potion of might
 i - a potion of agility {unknown}
Comestibles
 e - 2 rations {!d}
 f - 2 chunks of flesh


   Skills:
 + Level 3.2 Fighting
 + Level 2.4 Axes
 + Level 3.0 Armour
 + Level 2.9 Shields


You had 2 spell levels left.
You didn't know any spells.
Your spell library was empty.

Dungeon Overview and Level Annotations

Branches:
Dungeon (1/12)

Altars:


Innate Abilities, Weirdness & Mutations

You have a pair of small antennae on your head.
You have sharp fingernails.


Message History

You are too injured to fight recklessly!
You are too injured to fight recklessly!
You are too injured to fight recklessly!
You hit the goblin.
You kill the goblin!
You have reached level 3!
Your experience leads to an increase in your attributes!
Increase (S)trength, (I)ntelligence, or (D)exterity?
You feel agile.
Your demonic ancestry asserts itself...
Your fingernails lengthen.
You barely miss the kobold. You block the kobold's attack. The kobold hits you.
You see here a goblin corpse.
Your shield prevents you from hitting the kobold.
The kobold hits you but does no damage. The kobold barely misses you.
Your shield and ring mail prevent you from hitting the kobold.
You block the kobold's attack.
You closely miss the kobold.
The kobold hits you but does no damage. x2
You closely miss the kobold. You block the kobold's attack.
Are you sure you want to abandon this character and quit the game? (Confirm with "yes".)

#.............#
#..........##.##........
#..........##.##........
#..........##.##........
#..........##.##........
########.####.##........
########.####.##........
#.............##K.......
#........(......@.......
#.......................
#.......................
#.......................
####.....####.##........
#.###...............?
#.# #########........
#.# #........ #.#


You could see a kobold.

Vanquished Creatures
  A dart slug (D:1)
  6 leopard geckos (D:1)
  A bat (D:1)
  2 giant cockroaches (D:1)
  3 goblins (D:1)
  2 hobgoblins (D:1)
  A kobold (D:1)
  2 rats (D:1)
18 creatures vanquished.

Notes
Turn   | Place    | Note
-------+----------+-------------------------------------------
     0 | D:1      | galech the Demonspawn Fighter began the quest for the Orb.
     0 | D:1      | Reached XP level 1. HP: 18/18 MP: 1/1
   260 | D:1      | Gained mutation: You have a pair of small antennae on your
                  | head. [demonic ancestry]
   260 | D:1      | Reached XP level 2. HP: 24/24 MP: 2/2
   755 | D:1      | Gained mutation: You have sharp fingernails. [demonic
                  | ancestry]
   755 | D:1      | Reached XP level 3. HP: 17/29 MP: 3/3
   761 | D:1      | Quit the game

Skill      XL: |  1  2 |
---------------+-------+-----
Axes           | 2 |  2.4
Armour         | 3 |  3.0
Fighting       | |  3.2
Shields        | |  2.9

Action                   || total
-------------------------++-------
Melee: War axe           ||    55
  Use: Scroll            ||     2
  Eat: Chunk             ||     1
Armor: Scale mail        ||     7
       Ring mail         ||    23
Dodge: Dodged            ||    11
Block: Medium shield     ||    28
